 Dungeon Crawl Stone Soup version 0.21-a0-507-ga8f6b7a (webtiles) character file.

849 Atlas the Magician (level 7, -7/52 HPs)
             Began as a Purple Draconian Fire Elementalist on Nov 27, 2017.
             Mangled by an iguana (10 damage)
             ... on level 5 of the Dungeon.
             The game lasted 00:10:59 (5361 turns).

Atlas the Magician (DrFE)                           Turns: 5361, Time: 00:11:00

Health: -7/52      AC:  7    Str: 11    XL:     7   Next: 69%
Magic:  11/15      EV: 13    Int: 17    God:
Gold:   221        SH:  0    Dex: 11    Spells: 7/17 levels left

rFire    . . .     SeeInvis .   w - +0 glaive
rCold    . . .     Gourm    .   (shield currently unavailable)
rNeg     . . .     Faith    .   (armour unavailable)
rPois    .         Spirit   .   (helmet restricted)
rElec    .         Reflect  .   (no cloak)
rCorr    .         Harm     .   f - +0 pair of gloves
MR       +....                  (no boots)
Stlth    ++........             (no amulet)
HPRegen  0.17/turn              (no ring)
MPRegen  0.14/turn              (no ring)

@: no status effects
A: breathe power, unfitting armour, cold-blooded, AC +6
a: Breathe Dispelling Energy


You were on level 5 of the Dungeon.
You were hungry.

You visited 1 branch of the dungeon, and saw 5 of its levels.

You collected 221 gold pieces.

Inventory:

Hand Weapons
 w - a +0 glaive (weapon)
Armour
 f - a +0 pair of gloves (worn)
Scrolls
 c - 2 scrolls of fog {unknown}
 d - a scroll of blinking {unknown}
 g - a scroll of enchant armour {unknown}
 i - a scroll of enchant weapon {unknown}
 j - 2 scrolls of amnesia {unknown}
 n - 2 scrolls of magic mapping {unknown}
 q - 2 scrolls of random uselessness {unknown}
 r - 3 scrolls of teleportation {unknown}
 s - a scroll of fear {unknown}
 u - a scroll of immolation {unknown}
 y - a scroll of remove curse {unknown}
Potions
 e - 3 potions of curing
 l - 2 potions of flight
 o - a potion of might
 p - a potion of magic {unknown}
 v - a potion of ambrosia
 z - a potion of mutation {unknown}
 A - a potion of resistance
 B - a potion of cancellation {unknown}
 C - a potion of berserk rage {unknown}
 D - a potion of lignification {unknown}
 E - a potion of brilliance {unknown}
Books
 a - a book of Flames

   Spells                             Type                      Level
   a - Flame Tongue                   Conjuration/Fire             1
   b - Throw Flame                    Conjuration/Fire             2
   c - Conjure Flame                  Conjuration/Fire             3
   d - Inner Flame                    Hexes/Fire                   3
   e - Sticky Flame                   Conjuration/Fire             4
   f - Fireball                       Conjuration/Fire             5
 m - a book of Maledictions

   Spells                             Type                      Level
   a - Corona                         Hexes                        1
   b - Ensorcelled Hibernation        Hexes/Ice                    2
   c - Confuse                        Hexes                        3
   d - Tukima's Dance                 Hexes                        3
   e - Dazzling Spray                 Conjuration/Hexes            3
Comestibles
 b - 3 bread rations
 h - 2 royal jellies


   Skills:
 + Level 1.6 Fighting
 + Level 1.8 Polearms
 + Level 3.7 Dodging
 - Level 1.7 Stealth
 + Level 5.5 Spellcasting
 + Level 3.8 Conjurations
 + Level 5.1 Fire Magic


You had 7 spell levels left.
You knew the following spells:

 Your Spells              Type           Power        Failure   Level  Hunger
a - Flame Tongue          Conj/Fire      ###..        1%          1    None
b - Throw Flame           Conj/Fire      ###...       3%          2    #......
c - Conjure Flame         Conj/Fire      ###.....     6%          3    ##.....
d - Sticky Flame          Conj/Fire      ###.....     21%         4    ####...


Dungeon Overview and Level Annotations

Branches:
Dungeon (5/15)
 Temple: D:4-7

Altars:
Kikubaaqudgha


Innate Abilities, Weirdness & Mutations

You can breathe bolts of dispelling energy.
Your rich purple scales are hard. (AC +6)
You cannot fit into any form of body armour.
You are cold-blooded and may be slowed by cold attacks.


Message History

You slash the orc!
You kill the orc!
The iguana bites you!
You hit the iguana.
The iguana is lightly wounded.
The iguana bites you!
* * * LOW HITPOINT WARNING * * *
The iguana bites you!
* * * LOW HITPOINT WARNING * * *
Casting: Sticky Flame
Confirm with . or Enter, or press ? or * to list all spells.
Aiming: Sticky Flame
Press: ? - help, Shift-Dir - straight line, f - iguana
Aim: an iguana (lightly wounded)
The sticky flame hits the iguana.
The iguana is moderately wounded.
The iguana is covered in liquid flames!
You are feeling hungry.
The iguana burns!
The iguana bites you!
You die...

##### #...# ########...##
.......'....> ######
########....# .
#....###+###.#####....#
....##)$..##.....<#.........
.........ol@......#.######.#
#.####....##......#.######.#
#....##......#.........
#....##......#.........
#######......#.........
#......#.........
#####.#...#.........
#.....##).#.######+#
#.....)..)#.# #.#


You could see an iguana (burning) and an orc.

Vanquished Creatures
  The ghost of Maimakterion the Ruffian, an amateur DrTm of Sif Muna (D:4)
  Duvessa (D:5)
  An ogre (D:3)
  Dowan (D:5)
  A howler monkey (D:5)
  A crimson imp (D:5)
  A centaur skeleton (D:4)
  A hound (D:5)
  An orc wizard (D:4)
  An iguana (D:4)
  2 worker ants
  A hound skeleton (D:3)
  6 gnolls
  5 adders
  A worm (D:4)
  5 dart slugs
  4 leopard geckos
  8 orcs
  17 giant cockroaches
  8 goblins
  7 hobgoblins
  11 jackals
  6 bats
  8 frilled lizards
  6 kobolds
  A quokka skeleton (D:4)
  8 rats
114 creatures vanquished.

Vanquished Creatures (others)
  A human (D:4)
1 creature vanquished.

Grand Total: 115 creatures vanquished

Notes
Turn   | Place    | Note
-------+----------+-------------------------------------------
     0 | D:1      | Atlas the Draconian Fire Elementalist began the quest for the Orb.
     0 | D:1      | Reached XP level 1. HP: 14/14 MP: 3/3
   380 | D:1      | Reached XP level 2. HP: 16/20 MP: 0/5
   973 | D:1      | Reached XP level 3. HP: 20/26 MP: 1/6
  1492 | D:2      | Learned a level 2 spell: Throw Flame
  1496 | D:2      | Learned a level 3 spell: Conjure Flame
  2291 | D:3      | Reached XP level 4. HP: 33/33 MP: 5/8
  3258 | D:4      | Reached XP level 5. HP: 7/38 MP: 4/9
  3295 | D:4      | Noticed Maimakterion's ghost (amateur DrTm)
  3527 | D:4      | Learned a level 4 spell: Sticky Flame
  3541 | D:4      | Noticed an ogre
  3566 | D:3      | Killed an ogre
  3656 | D:4      | Killed Maimakterion's ghost
  3656 | D:4      | Reached XP level 6. HP: 32/46 MP: 6/11
  4421 | D:4      | Your scales start taking on a rich purple colour.
  4421 | D:4      | Reached skill level 5 in Spellcasting
  4421 | D:4      | Reached XP level 7. HP: 43/51 MP: 7/14
  4679 | D:4      | Found an ancient bone altar of Kikubaaqudgha.
  4682 | D:4      | Noticed a human
  4684 | D:4      | Killed a human
  4790 | D:5      | Entered Level 5 of the Dungeon
  4898 | D:5      | Noticed Duvessa
  4901 | D:5      | Noticed Dowan
  4910 | D:5      | Killed Duvessa
  4910 | D:5      | Reached skill level 1 in Fighting
  4910 | D:5      | Reached skill level 5 in Fire Magic
  4935 | D:5      | Killed Dowan
  5005 | D:5      | Reached skill level 1 in Polearms
  5361 | D:5      | Mangled by an iguana

Vault maps used:
D:1:      minmay_arrival_loop
D:2:      interstate_on_off
D:3:      minmay_roachtagon
D:4:      first_bread, tgw_kikubaaqudgha
D:5:      uniq_duvessa

Skill      XL: |  1  2  3  4  5  6  7 |
---------------+----------------------+-----
Dodging        | 2 3 |  3.7
Conjurations   | 2 3 |  3.8
Spellcasting   | 3 5 |  5.5
Fire Magic     | 4 5 |  5.1
Fighting       | 1 |  1.6
Polearms       | 1 |  1.8
Stealth        | |  1.7

Action                   |  1- 3 |  4- 6 |  7- 9 || total
-------------------------+-------+-------+-------++-------
Melee: Unarmed           |    94 |   105 |       ||   199
       Tailslap          |     5 |    16 |    10 ||    31
       Glaive            |       |     8 |   103 ||   111
 Cast: Flame Tongue      |    71 |   124 |    12 ||   207
       Sticky Flame      |       |       |     4 ||     4
 Abil: Breathe Dispellin |       |       |     2 ||     2
  Use: Potion            |       |     2 |     2 ||     4
       Scroll            |       |       |     4 ||     4
  Eat: Chunk             |     5 |     5 |     4 ||    14
       Royal jelly       |       |     1 |       ||     1
Armor: Skin              |    44 |    83 |    32 ||   159
Dodge: Dodged            |    81 |   168 |   113 ||   362

Table legend:
 A = Spawn XP
 B = Non-spawn XP
 C = Spawn XP percentage of total XP
 D = Spawn monster count
 E = Non-spawn monster count
 F = Spawn count percentage of total count
 G = Total turns spent on level
                    A         B        C        D         E        F      G
               +---------+---------+-------+---------+---------+-------+---------
         Total |       0 |    1213 |   0.0 |       0 |     114 |   0.0 |  5361
               +---------+---------+-------+---------+---------+-------+---------
           D:1 |       0 |      55 |   0.0 |       0 |      31 |   0.0 |  1438
           D:2 |       0 |      23 |   0.0 |       0 |      14 |   0.0 |   649
           D:3 |       0 |     233 |   0.0 |       0 |      35 |   0.0 |  1413
           D:4 |       0 |     433 |   0.0 |       0 |      18 |   0.0 |  1290
           D:5 |       0 |     469 |   0.0 |       0 |      16 |   0.0 |   571
               +---------+---------+-------+---------+---------+-------+---------
